 Dungeon Crawl Stone Soup version 0.23-a0-143-g1adec7bb76 (webtiles) character file.

2499 MirrMurr the Spear-Bearer (level 9, -3/62 HPs)
             Began as an Octopode Berserker on Sept 5, 2018.
             Was an Elder of Trog.
             Slain by Maurice
             ... wielding a cursed +3 long sword
              (7 damage)
             ... on level 9 of the Dungeon.
             The game lasted 00:12:37 (7298 turns).

MirrMurr the Spear-Bearer (Octopode Berserker)      Turns: 7298, Time: 00:12:38

Health: -3/62      AC:  3    Str: 21 (22) XL:     9   Next: 53%
Magic:  18/18      EV: 11    Int:  8 (9)  God:    Trog [****..]
Gold:   0          SH: 13    Dex: 11 (14) Spells: 8/8 levels left

rFire    + . .     SeeInvis .   a - +0 spear
rCold    . . .     Gourm    .   u - +0 large shield
rNeg     . . .     Faith    .   w - +2 hat
rPois    .         Spirit   .   (no amulet)
rElec    .         Reflect  .   e - ring of protection from fire
rCorr    .         Harm     .   i - ring of magical power
MR       .....                  (no ring)
Stlth    ++++......             (no ring)
HPRegen  0.20/turn              (no ring)
MPRegen  0.16/turn              (no ring)
                                (no ring)
                                (no ring)

@: mighty, drained
A: almost no armour, stealthy swim, amphibious, 8 rings, constrict 8, camouflage
1, gelatinous body 1
a: Berserk, Trog's Hand, Brothers in Arms, Renounce Religion


You were on level 9 of the Dungeon.
You worshipped Trog.
Trog was greatly pleased with you.
You were hungry.

You visited 2 branches of the dungeon, and saw 9 of its levels.

You collected 217 gold pieces.
You spent 217 gold pieces at shops.

Inventory:

Hand Weapons
 a - a +0 spear (weapon)
 q - a +0 blowgun
Missiles
 d - 107 stones (quivered)
 h - 17 poisoned needles
 l - 81 bolts
 m - 14 sling bullets
 n - 5 needles of sleeping
Armour
 u - a +0 large shield (worn)
 w - a +2 hat (worn)
Jewellery
 e - a ring of protection from fire (left tentacle)
 i - a ring of magical power (right tentacle)
Wands
 v - a wand of random effects (21)
 x - a wand of flame (14)
 C - a wand of paralysis (14)
Scrolls
 f - 2 scrolls of teleportation
 o - a scroll of magic mapping
 r - 4 scrolls of remove curse
Potions
 c - 2 potions of ambrosia
 j - 3 potions of mutation
 p - a potion of agility
Comestibles
 g - 11 rations
 B - 2 chunks of flesh


   Skills:
 + Level 6.1(5.7) Fighting
 * Level 8.2(7.8) Polearms
   Level 2.3(1.9) Slings
 + Level 6.1(5.7) Dodging
 + Level 7.6(7.1) Stealth
 + Level 2.2(1.8) Shields


You had 8 spell levels left.
You didn't know any spells.
Your spell library was empty.

Dungeon Overview and Level Annotations

Branches:
Dungeon (7/15)             Temple (1/1) D:7

Altars:
Ashenzari
Cheibriados
Dithmenos
Elyvilon
Fedhas
Gozag
Hepliaklqana
Kikubaaqudgha
Makhleb
Nemelex Xobeh
Okawaru
Qazlal
Ru
Sif Muna
Trog
Vehumet
Wu Jian
Xom
Yredelemnul
Zin
The Shining One

Shops:
D:5 [

Annotations:
D:7 1 runed door
D:9 Maurice


Innate Abilities, Weirdness & Mutations

You cannot wear most types of armour.
You are very stealthy in the water. (Stealth+)
You are amphibious.
You can wear up to eight rings at the same time.
You can use your tentacles to constrict eight enemies at once.
Your skin changes colour to match your surroundings (Stealth+).
Your rubbery body absorbs attacks. (AC +1, EV +1)


Message History

You hit something. You squeeze something. Something hits you.
* * * LOW HITPOINT WARNING * * *
Something steals 2 of your 4 scrolls of teleportation!
You feel very mighty all of a sudden.
You miss something. Something hits you!
* * * LOW HITPOINT WARNING * * *
Something steals 186 gold pieces!
You now have 0 gold pieces.
It was a potion of degeneration.
There was something very wrong with that liquid.
You feel weakened.
You feel dopey.
You feel clumsy.
It was a potion of curing.
You feel better. Something hits you.
* * * LOW HITPOINT WARNING * * *
Something steals your 2 potions of cancellation!
You closely miss something. You squeeze something!
You block something's attack.
You closely miss something. You hit something. Something barely misses you.
A centaur comes into view.
You miss something. Something hits you!
You die...

#.l##.# #.c..##
#############....##
#..........#(..#..#
#.....>.).(..####.#
#.....†)..(### #.######
#.......)..######......#
#.......{..............#
#..[....@..#......z......
#........................
###########..............
#..............
#..............
#..............
##............
##.......... #####.####


You could see a centaur (wandering).

Vanquished Creatures
  A hippogriff (D:7)
  Eustachio (D:4)
  A water moccasin (D:9)
  2 ice beasts
  A necrophage (D:5)
  An orc warrior (D:7)
  An ogre (D:6)
  2 phantoms (D:4)
  A centaur (D:5)
  5 bullfrogs
  2 wights (D:9)
  An electric eel (D:6)
  3 howler monkeys
  A crimson imp (D:5)
  3 hounds
  2 centaur skeletons
  2 orc priests (D:6)
  2 orc wizards
  2 iguanas
  Natasha (thrice) (D:4)
  8 worker ants
  8 adders
  A gnoll (D:1)
  A shadow imp (D:6)
  2 oozes
  2 worms
  A dart slug (D:1)
  3 leopard geckos (D:3)
  19 orcs
  A ball python (D:2)
  5 giant cockroaches
  4 goblins
  6 hobgoblins
  8 jackals
  2 quokkas
  10 bats
  6 frilled lizards
  A jackal skeleton (D:4)
  11 kobolds
  A quokka zombie (D:5)
  10 rats
147 creatures vanquished.

Vanquished Creatures (others)
  2 plants (D:6)
2 creatures vanquished.

Grand Total: 149 creatures vanquished

Notes
Turn   | Place    | Note
-------+----------+-------------------------------------------
     0 | D:1      | MirrMurr the Octopode Berserker began the quest for the
                  | Orb.
     0 | D:1      | Reached XP level 1. HP: 16/16 MP: 1/1
   213 | D:1      | Reached XP level 2. HP: 13/21 MP: 2/2
   239 | D:1      | Reached skill level 1 in Stealth
   590 | D:1      | Reached XP level 3. HP: 26/26 MP: 3/3
  1353 | D:2      | Reached ** piety under Trog
  1793 | D:2      | Reached XP level 4. HP: 16/31 MP: 4/4
  1855 | D:2      | Found an ancient bone altar of Kikubaaqudgha.
  2236 | D:3      | Reached skill level 4 in Polearms
  2308 | D:3      | Reached XP level 5. HP: 30/36 MP: 5/5
  2908 | D:3      | Found a radiant altar of Vehumet.
  3349 | D:4      | Noticed a phantom
  3375 | D:4      | Killed a phantom
  3375 | D:4      | Reached XP level 6. HP: 41/43 MP: 6/6
  3399 | D:4      | Noticed an ice beast
  3410 | D:4      | Killed an ice beast
  3410 | D:4      | Reached skill level 5 in Polearms
  3521 | D:4      | Noticed Eustachio
  3530 | D:4      | Killed Eustachio
  3530 | D:4      | Reached XP level 7. HP: 49/49 MP: 7/7
  3541 | D:4      | Found a burning altar of Makhleb.
  3722 | D:4      | Reached *** piety under Trog
  3730 | D:4      | Noticed Natasha
  3737 | D:4      | Killed Natasha
  3816 | D:4      | Reached skill level 5 in Stealth
  3948 | D:4      | Noticed Natasha
  3953 | D:4      | Killed Natasha
  3953 | D:4      | Reached skill level 6 in Polearms
  3959 | D:4      | Noticed Natasha
  3964 | D:4      | Killed Natasha
  4000 | D:5      | Entered Level 5 of the Dungeon
  4054 | D:5      | Reached XP level 8. HP: 42/54 MP: 8/8
  4217 | D:5      | Reached skill level 5 in Fighting
  4217 | D:5      | Reached skill level 5 in Dodging
  4344 | D:5      | Found Raugynk's Antique Armour Shoppe.
  4362 | D:5      | Bought a runed hat for 217 gold pieces
  4729 | D:5      | Found a hazy altar of Hepliaklqana.
  4761 | D:5      | Reached skill level 7 in Polearms
  4858 | D:5      | Found a white marble altar of Elyvilon.
  5570 | D:6      | Reached **** piety under Trog
  5829 | D:6      | Reached skill level 1 in Slings
  5829 | D:6      | Reached XP level 9. HP: 49/61 MP: 9/9
  5847 | D:6      | Reached skill level 1 in Shields
  6226 | D:7      | Found a blossoming altar of Fedhas.
  6643 | D:7      | Found a shattered altar of Ashenzari.
  6709 | D:7      | Found a basalt altar of Yredelemnul.
  6843 | D:7      | Found a staircase to the Ecumenical Temple.
  6861 | D:7      | Reached skill level 8 in Polearms
  6869 | Temple   | Entered the Ecumenical Temple
  7117 | D:7      | Found a runed door.
  7122 | D:7      | You fall through a shaft for 2 floors!
  7266 | D:9      | Noticed Maurice
  7292 | D:9      | HP: 2/61 [something (9)]
  7298 | D:9      | Slain by Maurice

Vault maps used:
D:1:      dpeg_arrival_brainrot
D:2:      kiku_gazebo_garden_becter
D:3:      lemuel_coloured_pillars_altar
D:4:      makhleb_heckhound_becter, uniq_natasha, uniq_eustachio
D:5:      elyvilon_altar_3, first_ration, serial_shops, nicolae_shop_waterfront,
          lemuel_tele_altar
D:6:      serial_bayou, serial_bayou_lagoon_a, serial_bayou_ford_a,
          serial_bayou_pond_e, serial_bayou_crossing
D:7:      overflow_temple_1_default, eat_drink_and_be_merry_uskayaw,
          nicolae_ashenzari_panopticon, minmay_temple_entry_grid, basic_altar,
          nrook_loot_triangle, corexii_item_surrounded_by_moat, the_bakery,
          kennysheep_flooded_box, minivault_4,
          chequers_guarded_unrand_ignorance, uniq_menkaure, uniq_joseph
D:9:      uniq_maurice
Temple:   minmay_freezing_vapour_temple

Skill      XL: |  1  2  3  4  5  6  7  8  9 |
---------------+----------------------------+-----
Stealth        | 1 2 3 4 5 6 7 |  7.6
Polearms       | 4 5 6 7 8 |  8.2
Fighting       | 4 5 6 |  6.1
Dodging        | 4 5 6 |  6.1
Slings         | 1 2 |  2.3
Shields        | 2 |  2.2

Action                   |  1- 3 |  4- 6 |  7- 9 || total
-------------------------+-------+-------+-------++-------
Melee: Spear             |    98 |   144 |   241 ||   483
       Constrict         |    21 |    25 |    44 ||    90
       Tentacles         |     9 |    26 |    61 ||    96
 Fire: Hunting sling     |       |     5 |    75 ||    80
Invok: Berserk           |     2 |     3 |     5 ||    10
       Trog's Hand       |       |     2 |       ||     2
  Use: Scroll            |     2 |     5 |    10 ||    17
       Potion            |       |       |     3 ||     3
 Stab: Sleeping          |    10 |    14 |     4 ||    28
       Distracted        |       |     1 |     2 ||     3
  Eat: Chunk             |     4 |     8 |    14 ||    26
       Ration            |       |       |     1 ||     1
Armor: Skin              |     4 |     2 |     8 ||    14
Dodge: Dodged            |    37 |    50 |    86 ||   173
Block: Large shield      |       |       |    52 ||    52

Table legend:
 A = Non-vault XP
 B = Vault XP
 C = Vault XP percentage of total XP
 D = Non-vault monster count
 E = Vault monster count
 F = Vault count percentage of total count
                 A         B        C        D         E       F
            +---------+---------+-------+---------+---------+-------
      Total |    3294 |     277 |   7.8 |     144 |       3 |   2.0
            +---------+---------+-------+---------+---------+-------
        D:1 |      53 |       0 |   0.0 |      21 |       0 |   0.0
        D:2 |      53 |       0 |   0.0 |      27 |       0 |   0.0
        D:3 |     182 |       0 |   0.0 |      30 |       0 |   0.0
        D:4 |     512 |     277 |  35.1 |      10 |       3 |  23.1
        D:5 |     689 |       0 |   0.0 |      19 |       0 |   0.0
        D:6 |     815 |       0 |   0.0 |      23 |       0 |   0.0
        D:7 |     605 |       0 |   0.0 |       7 |       0 |   0.0
        D:9 |     385 |       0 |   0.0 |       7 |       0 |   0.0
            +---------+---------+-------+---------+---------+-------
